 Dungeon Crawl Stone Soup version 0.19.1-1-g22dce08 (webtiles) character file.

93 MovingMist the Shield-Bearer (level 4, -1/29 HPs)
             Began as a Gargoyle Fighter on Jan 18, 2017.
             Slain by an orc
             ... wielding a +0 war axe
              (7 damage)
             ... on level 3 of the Dungeon.
             The game lasted 00:03:35 (1229 turns).

MovingMist the Shield-Bearer (Gargoyle Fighter)     Turns: 1229, Time: 00:03:36

Health: -1/29      AC: 11    Str: 19    XL:     4   Next: 62%
Magic:  4/4        EV:  8    Int:  9    God:
Gold:   200        SH:  9    Dex: 10    Spells: 0 memorised, 3 levels left

rFire  . . .     SeeInvis .     a - +0 flail
rCold  . . .     Gourm    .     b - +0 scale mail
rNeg   + . .     Faith    .     c - +0 shield
rPois  ∞         Spirit   .     (no helmet)
rElec  +         Reflect  .     u - +0 cloak
rCorr  .         Harm     .     (no gloves)
MR     .....                    (no boots)
Stlth  ..........               (no amulet)
                                (no ring)
                                (no ring)

@: no status effects
A: negative energy resistance 1, electricity resistance, unbreathing,
petrification resistance, rot immunity, AC +3
a: no special abilities


You were on level 3 of the Dungeon.
You were not hungry.

You visited 1 branch of the dungeon, and saw 3 of its levels.

You collected 200 gold pieces.

Inventory:

Hand Weapons
 a - a +0 flail (weapon)
Armour
 b - a +0 scale mail (worn)
 c - a +0 shield (worn)
 u - a +0 cloak (worn)
Jewellery
 l - a +3 ring of intelligence {unknown}
Scrolls
 g - a scroll of remove curse {unknown}
 j - a scroll of enchant armour {unknown}
 n - a scroll of magic mapping {unknown}
 p - 2 scrolls of teleportation {unknown}
 s - a scroll of enchant weapon {unknown}
 t - a scroll of recharging {unknown}
Potions
 d - a potion of might
 e - a potion of heal wounds {unknown}
 i - a potion of haste {unknown}
 k - a potion of agility {unknown}
 q - a potion of brilliance {unknown}
Books
 r - a book of Cantrips

   Spells                             Type                      Level
   a - Confusing Touch                Hexes                        1
   b - Animate Skeleton               Necromancy                   1
   c - Summon Small Mammal            Summoning                    1
   d - Apportation                    Translocation                1
Comestibles
 f - 2 bread rations
 h - a slice of pizza
 m - 2 meat rations


   Skills:
 + Level 3.8 Fighting
 + Level 2.6 Maces & Flails
 + Level 3.7 Armour
 * Level 1.7 Dodging
 - Level 3.8 Shields


You had 3 spell levels left.
You didn't know any spells.

Dungeon Overview and Level Annotations

Branches:
Dungeon (3/15)

Altars:


Innate Abilities, Weirdness & Mutations

You are resistant to torment.
Your stone body is resilient. (AC +3)
You are immune to poison.
You resist negative energy. (rN+)
You are resistant to electric shocks. (rElec)
You can survive without breathing.
You are immune to petrification.
You are immune to rotting.


Message History

Beogh smites you!
* * * LOW HITPOINT WARNING * * *
You block the orc's attack.
Your shield and scale mail prevent you from hitting the orc priest.
The orc priest is heavily wounded.
The orc priest hits you but does no damage.
You block the orc's attack.
You hit the orc priest.
The orc priest is almost dead.
The orc priest hits you but does no damage.
The orc barely misses you.
You hit the orc priest.
You kill the orc priest!
You block the orc's attack. The orc barely misses you.
Things that are here:
a falchion; a leather armour; an orc corpse You barely miss the orc.
The orc hits you but does no damage.
You closely miss the orc. The orc hits you with a war axe!
You die...

♣.. ♣P.♣♣♣♣ .# ♣..PPP♣
.# ###♣♣PP.PP♣ .#
####..♣.♣.PP.♣# .#
###......♣♣♣♣♣♣.# .#
..........♣♣♣♣#.# .#
###.....<....(#.###.####
##....>..o@.[#.......#
#..........#(######.#
###....###.#.##
#...........# .#
#.....#####.##.# #.#.#.#
.... #.....# ..#.#
###.#.#####..# ##
#.#.##....<#...


You could see an orc.

Vanquished Creatures
  An orc priest (D:3)
  An adder (D:2)
  2 worms (D:2)
  2 dart slugs (D:1)
  3 leopard geckos
  2 orcs (D:3)
  2 giant cockroaches
  5 goblins
  9 hobgoblins
  A ball python (D:2)
  2 bats
  4 frilled lizards
  2 kobolds
  4 rats
40 creatures vanquished.

Notes
Turn   | Place    | Note
-------+----------+-------------------------------------------
     0 | D:1      | MovingMist the Gargoyle Fighter began the quest for the Orb.
     0 | D:1      | Reached XP level 1. HP: 14/14 MP: 1/1
   224 | D:1      | Reached XP level 2. HP: 16/19 MP: 2/2
   599 | D:1      | Reached XP level 3. HP: 22/23 MP: 3/3
   952 | D:2      | Reached skill level 1 in Dodging
  1103 | D:2      | Reached XP level 4. HP: 26/28 MP: 4/4
  1229 | D:3      | Slain by an orc

Skill      XL: |  1  2  3 |
---------------+----------+-----
Dodging        | 1 |  1.7
Fighting       | |  3.8
Maces & Flails | |  2.6
Armour         | |  3.7
Shields        | |  3.8

Action                   |  1- 3 |  4- 6 || total
-------------------------+-------+-------++-------
Melee: Flail             |   121 |    30 ||   151
  Eat: Chunk             |     1 |       ||     1
Armor: Scale mail        |    66 |    23 ||    89
Dodge: Dodged            |    29 |    12 ||    41
Block: Shield            |    58 |    13 ||    71
